 Dungeon Sprint DCSS version bcrawl-1.21 (webtiles) character file.

Game seed: 14591403591578114789

12774 Freyura the Bludgeoner (level 11, -10/91 HPs)
             Began as a Demonspawn Gladiator on Feb 9, 2020.
             Was a High Priest of Ru.
             Killed by divine providence
             ... invoked by an orc high priest
              (13 damage)
             ... in the Dungeon (Sprint IX: "|||||||||||||||||||||||||||||").
             The game lasted 00:08:09 (1160 turns).

Freyura the Bludgeoner (Demonspawn Gladiator)       Turns: 1160, Time: 00:08:10

Health: -10/91     AC: 18    Str: 14    XL:     11   Next: 66%
Magic:  9/9        EV: 21    Int: 11    God:    Ru [*****.]
Gold:   1269       SH:  0    Dex: 17    Spells: 10/10 levels left

rFire    + . .     SeeInvis .   j - +0 dire flail
rCold    + . .     Gourm    .   (shield currently unavailable)
rNeg     . . .     Faith    .   r - +1 scale mail
rPois    +         Spirit   .   c - +1 helmet
rElec    +         Reflect  .   (no cloak)
rCorr    +         Harm     .   p - +1 pair of gloves
MR       .....     NoTele   +   q - +1 pair of boots
Stlth    ..........             (no amulet)
HPRegen  0.25/turn              s - +2 ring of evasion
MPRegen  0.11/turn              t - +2 ring of evasion

@: resistant, no scrolls
A: talons 1, rugged brown scales 1, frail 1, low mp 1, powered by death 2,
powered by pain 3, inability to read while threatened, hated by all
a: Draw Out Power, Power Leap, Apocalypse, Renounce Religion


You were in the Dungeon.
You worshipped Ru.
Ru was extremely pleased with you.
You were hungry.

You visited 1 branch You collected 1269 gold pieces.

Inventory:

Hand Weapons
 j - a +0 dire flail (weapon)
 o - a +4 morningstar of protection
Missiles
 d - 3 throwing nets (quivered) {!f}
Armour
 c - a +1 helmet (worn)
 p - a +1 pair of gloves (worn)
 q - a +1 pair of boots (worn)
 r - a +1 scale mail (worn)
Jewellery
 s - a +2 ring of evasion (left hand)
 t - a +2 ring of evasion (right hand)
Wands
 n - a wand of acid (10)
Scrolls
 k - 3 scrolls of blinking
 l - 4 scrolls of remove curse
 m - 2 scrolls of amnesia
 u - a scroll of fear
Potions
 a - a potion of resistance
 b - a potion of brilliance
 f - 6 potions of curing
 h - a potion of haste
 i - 4 potions of magic
Comestibles
 e - 11 rations {!d}
 v - 2 chunks of flesh


   Skills:
 + Level 13.2 Fighting
 * Level 16.6 Maces & Flails
 - Level 1.7 Throwing
 + Level 12.1 Armour
 + Level 12.4 Dodging


You had 10 spell levels left.
You didn't know any spells.
Your spell library was empty.

Dungeon Overview and Level Annotations

Branches:
Dungeon (1/1)

Altars:
Cheibriados
Dithmenos
Elyvilon
Fedhas
Gozag
Hepliaklqana
Kikubaaqudgha
Lugonu
Makhleb
Nemelex Xobeh
Okawaru
Qazlal
Ru
Sif Muna
Trog
Uskayaw
Vehumet
Wu Jian
Xom
Yredelemnul
Zin
The Shining One
Beogh
Jiyva

Shops:
D !*%*


Innate Abilities, Weirdness & Mutations

You have sharp toenails.
You are partially covered in rugged brown scales. (AC +1, +3% HP)
You are frail. (-10% HP)
Your magical capacity is low. (-10% MP)
You regenerate health from kills.
You are powered by pain.
You cannot read scrolls while threatened.
You are hated by all.


Message History

The orc high priest closely misses you. The red devil barely misses you.
You puncture the orc high priest!
You kill the orc high priest!
The red devil disappears in a puff of smoke!
The orc high priest mumbles some strange prayers to Beogh.
The orc high priest starts to sing a prayer.
You redirect the orc high priest's attack!
An orc knight comes into view. It is wielding a +0 war axe.
The orc knight shouts!
You redirect the orc high priest's attack!
The orc high priest hits the orc high priest with a cursed -1 scimitar!
Found Tutoyn's Distillery.
Things that are here:
a +0 flail; a +0 ring mail; 50 gold pieces You catch the helpless orc high priest completely off-guard!
You hit the orc high priest.
The orc high priest is lightly wounded.
The orc high priest calls down the wrath of Beogh upon you.
Beogh smites you!
You die...

▓▓▓▓▓▓▓▓▓▓▓▓▓▓▓▓▓▓▓▓▓▓▓▓
ooo43oo@))§))..)))))))))
▓▓▓▓▓▓▓▓▓▓▓▓▓▓▓▓▓▓▓▓▓▓▓▓▓▓▓▓▓▓▓▓▓
.................................
▓▓▓▓▓▓▓▓▓▓▓▓▓▓▓▓▓▓▓▓▓▓▓▓▓▓▓▓▓▓▓▓▓
.[[[[..'[[.(.....†††'.......††'..
▓▓▓▓▓▓▓▓▓▓▓▓▓▓▓▓▓▓▓▓▓▓▓▓▓▓▓▓▓▓▓▓▓
.................................
▓▓▓▓▓▓▓▓▓▓▓▓▓▓▓▓▓▓▓▓▓▓▓▓▓▓▓▓▓▓▓▓▓
...'.....)))....)|..'____________


You could see an orc knight, 4 orc high priests, a smoke demon and a red devil.

Vanquished Creatures
  A two-headed ogre (D)
  5 orc high priests (D)
  An unseen horror (D)
  6 lindwurms (D)
  3 orc knights (D)
  A cyclops (D)
  A black mamba (D)
  2 cane toads (D)
  A komodo dragon (D)
  2 polar bears (D)
  A slime creature (D)
  A tyrant leech (D)
  A hippogriff (D)
  A yak (D)
  A vampire mosquito (D)
  4 crocodiles (D)
  3 porcupines (D)
  10 orc warriors (D)
  A centaur (D)
  A bullfrog (D)
  A scorpion (D)
  A hound (D)
  4 orc wizards (D)
  A gnoll (D)
  3 worms (D)
  A leopard gecko (D)
  9 orcs (D)
  A bat skeleton (D)
  A bat zombie (D)
  A giant cockroach (D)
  A frilled lizard (D)
  A jackal skeleton (D)
  A leopard gecko zombie (D)
  2 rats (D)
75 creatures vanquished.

Vanquished Creatures (others)
  A shadow (D)
  An orc warrior (D)
  A boggart (D)
3 creatures vanquished.

Grand Total: 78 creatures vanquished

Notes
Turn   | Place    | Note
-------+----------+-------------------------------------------
     0 | D        | Freyura the Demonspawn Gladiator began the quest for the
                  | Orb.
     0 | D        | Reached XP level 1. HP: 16/16 MP: 1/1
     8 | D        | Reached skill level 3 in Maces & Flails
    12 | D        | Reached skill level 1 in Armour
    63 | D        | Noticed a hound
    73 | D        | Reached skill level 4 in Maces & Flails
    73 | D        | Gained mutation: You are partially covered in rugged brown
                  | scales. (AC +1, +3% HP) [demonic ancestry]
    73 | D        | Reached XP level 2. HP: 14/24 MP: 2/2
    84 | D        | Gained mutation: You sometimes gain a little power by
                  | taking damage. [demonic ancestry]
    84 | D        | Reached XP level 3. HP: 29/29 MP: 3/3
    93 | D        | Found a roughly hewn altar of Beogh.
    93 | D        | Found a snail-covered altar of Cheibriados.
    93 | D        | Found a shadowy altar of Dithmenos.
    93 | D        | Found a white marble altar of Elyvilon.
    93 | D        | Found a blossoming altar of Fedhas.
    93 | D        | Found an opulent altar of Gozag.
    94 | D        | Found a hazy altar of Hepliaklqana.
    95 | D        | Found a viscous altar of Jiyva.
    96 | D        | Found an ancient bone altar of Kikubaaqudgha.
    97 | D        | Found a corrupted altar of Lugonu.
    98 | D        | Found a burning altar of Makhleb.
    99 | D        | Found a sparkling altar of Nemelex Xobeh.
   100 | D        | Found an iron altar of Okawaru.
   101 | D        | Found a stormy altar of Qazlal.
   102 | D        | Found a sacrificial altar of Ru.
   103 | D        | Found a shimmering blue altar of Sif Muna.
   104 | D        | Found a bloodstained altar of Trog.
   105 | D        | Found a hide-covered altar of Uskayaw.
   106 | D        | Found a radiant altar of Vehumet.
   107 | D        | Found an ornate altar of the Wu Jian Council.
   108 | D        | Found a shimmering altar of Xom.
   109 | D        | Found a basalt altar of Yredelemnul.
   110 | D        | Found a glowing silver altar of Zin.
   111 | D        | Found a glowing golden altar of the Shining One.
   164 | D        | Noticed a scorpion
   164 | D        | Noticed a slime creature
   164 | D        | Noticed an orc warrior
   164 | D        | Noticed a centaur
   172 | D        | Killed a centaur
   172 | D        | Reached skill level 6 in Maces & Flails
   172 | D        | Gained mutation: You sometimes gain power by taking damage.
                  | [demonic ancestry]
   172 | D        | Reached XP level 4. HP: 39/39 MP: 4/4
   190 | D        | Killed a slime creature
   190 | D        | Reached skill level 8 in Maces & Flails
   190 | D        | Reached skill level 5 in Armour
   190 | D        | Gained mutation: You regenerate a little health from kills.
                  | [demonic ancestry]
   190 | D        | Reached XP level 5. HP: 33/47 MP: 5/5
   190 | D        | Gained mutation: You are powered by pain. [demonic
                  | ancestry]
   190 | D        | Reached XP level 6. HP: 37/53 MP: 6/6
   202 | D        | HP: 2/53 [orc warrior/+0 glaive (12)]
   205 | D        | Killed an orc warrior
   213 | D        | Reached skill level 9 in Maces & Flails
   320 | D        | Noticed a vampire mosquito
   320 | D        | Noticed a two-headed ogre
   320 | D        | Noticed a cyclops
   320 | D        | Noticed a shadow
   324 | D        | Killed a shadow
   331 | D        | Killed an unseen horror
   331 | D        | Reached skill level 10 in Maces & Flails
   331 | D        | Gained mutation: You regenerate health from kills. [demonic
                  | ancestry]
   331 | D        | Reached XP level 7. HP: 49/62 MP: 7/7
   342 | D        | Killed a cyclops
   342 | D        | Reached XP level 8. HP: 42/71 MP: 8/8
   352 | D        | Killed a two-headed ogre
   352 | D        | Reached skill level 11 in Maces & Flails
   361 | D        | Gained mutation: You have sharp toenails. [demonic
                  | ancestry]
   361 | D        | Reached XP level 9. HP: 45/79 MP: 9/9
   395 | D        | Became a worshipper of Ru the Awakened
   584 | D        | Noticed a cane toad
   588 | D        | Noticed a polar bear
   592 | D        | Reached skill level 12 in Maces & Flails
   595 | D        | Noticed a komodo dragon
   607 | D        | Noticed a black mamba
   617 | D        | Killed a cane toad
   617 | D        | Reached skill level 10 in Fighting
   641 | D        | Killed a polar bear
   641 | D        | Reached skill level 13 in Maces & Flails
   651 | D        | Killed a komodo dragon
   661 | D        | Killed a black mamba
   661 | D        | Reached skill level 10 in Dodging
   672 | D        | Noticed a lindwurm
   672 | D        | Noticed a polar bear
   672 | D        | Noticed a lindwurm
   692 | D        | Killed a lindwurm
   692 | D        | Reached XP level 10. HP: 40/88 MP: 10/10
   698 | D        | Noticed a cane toad
   699 | D        | Reached skill level 10 in Armour
   704 | D        | Killed a lindwurm
   704 | D        | Reached skill level 14 in Maces & Flails
   729 | D        | Killed a cane toad
   731 | D        | Gained mutation: You are frail. (-10% HP) [Ru sacrifice]
   731 | D        | Reached * piety under Ru
   731 | D        | Reached ** piety under Ru
   741 | D        | Noticed a lindwurm
   741 | D        | Noticed a lindwurm
   741 | D        | Noticed a lindwurm
   751 | D        | Killed a lindwurm
   752 | D        | Noticed a lindwurm
   757 | D        | Killed a lindwurm
   773 | D        | Killed a lindwurm
   773 | D        | Reached skill level 15 in Maces & Flails
   787 | D        | Killed a lindwurm
   809 | D        | Gained mutation: You are hated by all. [Ru sacrifice]
   809 | D        | Reached *** piety under Ru
   921 | D        | Reached XP level 11. HP: 81/88 MP: 11/11
   932 | D        | Noticed an orc high priest
   954 | D        | Killed an orc high priest
   967 | D        | Gained mutation: Your magical capacity is low. (-10% MP)
                  | [Ru sacrifice]
   987 | D        | Noticed an orc knight
   987 | D        | Noticed an orc knight
   991 | D        | Killed an orc knight
  1004 | D        | Killed an orc knight
  1004 | D        | HP: 3/89 [orc warrior/+0 glaive (18)]
  1084 | D        | Found Ycoat's Assorted Antiques.
  1084 | D        | Noticed an orc high priest
  1084 | D        | Noticed an orc high priest
  1084 | D        | Noticed an orc high priest
  1084 | D        | Noticed an orc high priest
  1084 | D        | Noticed an orc knight
  1088 | D        | Noticed a sun demon
  1091 | D        | Killed an orc knight
  1091 | D        | Reached skill level 16 in Maces & Flails
  1092 | D        | Noticed an orc high priest
  1101 | D        | Killed an orc high priest
  1107 | D        | Found Anudoq's Food Shop.
  1111 | D        | Gained mutation: You cannot read scrolls while threatened.
                  | [Ru sacrifice]
  1111 | D        | Reached **** piety under Ru
  1111 | D        | Reached ***** piety under Ru
  1120 | D        | Noticed an orc high priest
  1133 | D        | Killed an orc high priest
  1134 | D        | Found Beapn's Assorted Antiques.
  1145 | D        | Killed an orc high priest
  1146 | D        | Noticed an orc high priest
  1151 | D        | Noticed an orc high priest
  1156 | D        | HP: 2/91 [orc high priest/divine providence (15)]
  1158 | D        | Killed an orc high priest
  1159 | D        | Found Tutoyn's Distillery.
  1159 | D        | Noticed an orc knight
  1160 | D        | Killed from afar by an orc high priest

Skill      XL: |  1  2  3  4  5  6  7  8  9 10 11 |
---------------+----------------------------------+-----
Maces & Flails | 4 6 8 10 11 13 15 16 | 16.6
Armour         | 1 2 3 5 6 7 8 9 11 12 | 12.1
Dodging        | 3 4 6 7 8 10 11 12 | 12.4
Fighting       | 3 4 6 7 8 9 10 12 13 | 13.2
Throwing       | |  1.7

Action                   |  1- 3 |  4- 6 |  7- 9 | 10-12 || total
-------------------------+-------+-------+-------+-------++-------
Melee: Flail             |    31 |       |       |       ||    31
       Morningstar       |     8 |    51 |   123 |   123 ||   305
       Dire flail        |       |       |       |   123 ||   123
Invok: Sacrifice Health  |       |       |       |     1 ||     1
       Sacrifice Love    |       |       |       |     1 ||     1
       Sacrifice Words   |       |       |       |     1 ||     1
       Sacrifice Essence |       |       |       |     1 ||     1
  Use: Potion            |     2 |     3 |       |     3 ||     8
       Scroll            |       |       |     5 |       ||     5
 Stab: Invisible         |       |       |     2 |     2 ||     4
       Distracted        |       |       |     1 |     3 ||     4
  Eat: Chunk             |       |       |       |     1 ||     1
Armor: Leather armour    |     6 |       |       |       ||     6
       Scale mail        |     5 |    22 |    39 |    41 ||   107
Dodge: Dodged            |    27 |    36 |   110 |   139 ||   312
